 Dungeon Crawl Stone Soup version 0.25-a0-488-g03579ab4a3 (console) character file.

Game seed: 3481939427501188246, levelgen mode: deterministic

95 surprisetrex the Slasher (level 4, 34/35 HPs)
             Began as a Demonspawn Berserker on Feb 10, 2020.
             Was a Believer of Trog.
             Quit the game on level 5 of the Dungeon.
             The game lasted 00:06:09 (1770 turns).

surprisetrex the Slasher (Demonspawn Berserker)     Turns: 1770, Time: 00:06:09

Health: 34/35      AC:  9    Str: 19    XL:     4   Next: 39%
Magic:  4/4        EV:  8    Int:  8    God:    Trog [**....]
Gold:   153        SH:  0    Dex: 12    Spells: 3/3 levels left

rFire    . . .     SeeInvis .   a - +0 falchion
rCold    + . .     Gourm    .   (no shield)
rNeg     . . .     Faith    .   g - +0 chain mail
rPois    .         Spirit   .   (helmet restricted)
rElec    .         Reflect  .   l - +0 cloak
rCorr    .         Harm     .   (no gloves)
MR       .....                  (no boots)
Stlth    ..........             (no amulet)
HPRegen  0.11/turn              b - ring of wizardry
MPRegen  0.09/turn              (no ring)

@: no status effects
A: horns 1, cold resistance 1
a: Berserk, Trog's Hand, Renounce Religion


You were on level 5 of the Dungeon.
You worshipped Trog.
Trog was pleased with you.
You were not hungry.

You visited 1 branch of the dungeon, and saw 4 of its levels.

You collected 153 gold pieces.

Inventory:

Hand Weapons
 a - a +0 falchion (weapon)
Missiles
 e - 77 stones (quivered)
Armour
 g - a +0 chain mail (worn)
 l - a +0 cloak (worn)
Jewellery
 b - a ring of wizardry (left hand)
Scrolls
 d - 5 scrolls of identify {unknown}
 f - a scroll of immolation {unknown}
 k - 2 scrolls of remove curse {unknown}
 q - a scroll of enchant armour {unknown}
 r - a scroll of fear {unknown}
 s - a scroll of blinking {unknown}
Potions
 h - a potion of mutation {unknown}
 i - a potion of haste {unknown}
 j - a potion of flight {unknown}
 m - a potion of curing {unknown}
 n - a potion of might
 o - a potion of ambrosia {unknown}
 p - a potion of cancellation {unknown}
 t - a potion of magic {unknown}
Comestibles
 c - 8 rations
 u - 3 chunks of flesh


   Skills:
 - Level 3.0 Fighting
 + Level 4.8 Long Blades
 - Level 1.7 Armour
 - Level 1.7 Dodging


You had 3 spell levels left.
You didn't know any spells.
Your spell library was empty.

Dungeon Overview and Level Annotations

Branches:
Dungeon (3/15)

Altars:
Ashenzari
Trog
Yredelemnul


Innate Abilities, Weirdness & Mutations

You have a pair of small horns on your head.
Your flesh is cold resistant. (rC+)


Message History

The hobgoblin hits you.
You closely miss the hobgoblin. The hobgoblin hits you.
You closely miss the hobgoblin. Your headbutt misses the hobgoblin.
The hobgoblin hits you but does no damage.
You hit the hobgoblin. Your headbutt misses the hobgoblin.
The hobgoblin is severely wounded.
The hobgoblin hits you but does no damage.
You barely miss the hobgoblin.
The hobgoblin is severely wounded.
The hobgoblin completely misses you.
You closely miss the hobgoblin. You headbutt the hobgoblin.
You kill the hobgoblin!
Trog accepts your kill.
Found a scale mail.
Found a leather armour.
You now have 153 gold pieces (gained 16).
You fall into a shaft and drop 2 floors!
The shaft crumbles and collapses.
Found a robe.
Are you sure you want to abandon this character and quit the game? (Confirm with "yes".)

#. #. #. #. #.
#.
##.###.###.#.##
.......@.......
##[###.###.#..#
#. .. ##. #. #.
##


There were no monsters in sight!

Vanquished Creatures
  4 adders
  An ooze (D:2)
  A worm (D:3)
  A dart slug (D:1)
  2 leopard geckos
  A ball python (D:3)
  5 bats (D:2)
  4 giant cockroaches
  4 goblins
  4 hobgoblins
  2 jackals (D:3)
  3 quokkas
  2 frilled lizards (D:2)
  9 kobolds
  3 rats
46 creatures vanquished.

Vanquished Creatures (others)
  5 toadstools (D:1)
5 creatures vanquished.

Grand Total: 51 creatures vanquished

Notes
Turn   | Place    | Note
-------+----------+-------------------------------------------
     0 | D:1      | surprisetrex the Demonspawn Berserker began the quest for
                  | the Orb.
     0 | D:1      | Reached XP level 1. HP: 18/18 MP: 1/1
   193 | D:1      | Reached skill level 3 in Long Blades
   218 | D:1      | Gained mutation: You have a pair of small horns on your
                  | head. [demonic ancestry]
   218 | D:1      | Reached XP level 2. HP: 16/24 MP: 2/2
   692 | D:2      | Found a basalt altar of Yredelemnul.
   694 | D:2      | Found a bloodstained altar of Trog.
   889 | D:2      | Gained mutation: Your flesh is cold resistant. (rC+)
                  | [demonic ancestry]
   889 | D:2      | Reached XP level 3. HP: 25/29 MP: 3/3
   901 | D:2      | Reached skill level 4 in Long Blades
   928 | D:2      | Found a shattered altar of Ashenzari.
  1101 | D:2      | Reached ** piety under Trog
  1381 | D:2      | Reached XP level 4. HP: 35/35 MP: 4/4
  1769 | D:3      | You fall into a shaft and drop 2 floors!
  1769 | D:5      | Entered Level 5 of the Dungeon
  1770 | D:5      | Quit the game

Levels and vault maps discovered:
D:1:      ldierk_walled_garden, layout_basic, serial_park_tiny_pond,
          minmay_misc_feat_plants, minmay_octomino_c4
D:2:      layout_loops_corners, ashenzari_conservatory_becter,
          chequers_temple_overflow_statue_of_worship
D:3:      layout_rooms
D:5:      layout_loops_ring, first_ration, uniq_blork_the_orc

Skill      XL: |  1  2  3 |
---------------+----------+-----
Long Blades    | 3 4 |  4.8
Fighting       | |  3.0
Armour         | |  1.7
Dodging        | |  1.7

Action                   |  1- 3 |  4- 6 || total
-------------------------+-------+-------++-------
Melee: Falchion          |    98 |    28 ||   126
       Headbutt          |    15 |     8 ||    23
Throw: Stone             |    12 |    18 ||    30
  Eat: Chunk             |     1 |     2 ||     3
Armor: Chain mail        |    59 |    12 ||    71
Dodge: Dodged            |    40 |    11 ||    51
       Rpst.: Falchion   |    12 |     4 ||    16

Table legend:
 A = Non-vault XP
 B = Vault XP
 C = Vault XP percentage of total XP
 D = Non-vault monster count
 E = Vault monster count
 F = Vault count percentage of total count
                 A         B        C        D         E       F
            +---------+---------+-------+---------+---------+-------
      Total |     126 |      10 |   7.4 |      40 |       6 |  13.0
            +---------+---------+-------+---------+---------+-------
        D:1 |      12 |      10 |  45.5 |       5 |       6 |  54.5
        D:2 |      79 |       0 |   0.0 |      24 |       0 |   0.0
        D:3 |      35 |       0 |   0.0 |      11 |       0 |   0.0
            +---------+---------+-------+---------+---------+-------
